 Dungeon Crawl Stone Soup version 0.22-a0-271-gc000056 (webtiles) character file.

91 grindst0ne the Skirmisher (level 4, -7/25 HPs)
             Began as a Vine Stalker Fighter on Mar 11, 2018.
             Mangled by a gnoll
             ... wielding a +6 halberd of venom
              (14 damage)
             ... on level 2 of the Dungeon.
             The game lasted 00:01:57 (986 turns).

grindst0ne the Skirmisher (Vine Stalker Fighter)     Turns: 986, Time: 00:01:58

Health: -7/25      AC:  8    Str: 19    XL:     4   Next: 57%
Magic:  0/5        EV:  5    Int:  9    God:
Gold:   63         SH:  9    Dex: 13    Spells: 3/3 levels left

rFire    . . .     SeeInvis .   a - +0 rapier
rCold    . . .     Gourm    .   c - +0 shield
rNeg     . . .     Faith    .   m - +0 chain mail
rPois    .         Spirit   +   (no helmet)
rElec    .         Reflect  .   (no cloak)
rCorr    .         Harm     .   (no gloves)
MR       .....                  (no boots)
Stlth    ..........             (no amulet)
HPRegen  0.48/turn              (no ring)
MPRegen  0.09/turn              (no ring)

@: lethally poisoned (-7 -> -11)
A: fangs 2, regeneration 1, magic shield, antimagic bite, no potion heal 3, rot
immunity
a: no special abilities


You were on level 2 of the Dungeon.
You were not hungry.

You visited 1 branch of the dungeon, and saw 2 of its levels.

You collected 63 gold pieces.

Inventory:

Hand Weapons
 a - a +0 rapier (weapon)
Armour
 c - a +0 shield (worn)
 m - a +0 chain mail (worn)
Scrolls
 e - 2 scrolls of remove curse {unknown}
 h - a scroll of teleportation {unknown}
 k - 2 scrolls of identify {unknown}
Potions
 d - 3 potions of might
 g - a potion of ambrosia {unknown}
 i - a potion of flight {unknown}
 j - 2 potions of curing {unknown}
Comestibles
 f - 5 rations
 l - 5 chunks of flesh


   Skills:
 + Level 3.8 Fighting
 - Level 1.7 Short Blades
 - Level 2.4 Armour
 + Level 3.8 Shields


You had 3 spell levels left.
You didn't know any spells.

Dungeon Overview and Level Annotations

Branches:
Dungeon (2/15)

Altars:


Innate Abilities, Weirdness & Mutations

You have extremely sharp teeth.
Your natural rate of healing is unusually fast.
When hurt, damage is shared between your health and your magic reserves.
Your bite disrupts and absorbs the magic of your enemies.
Potions cannot restore your health.
You are immune to rotting.


Message History

You hit the gnoll but do no damage.
You kill the gnoll!
You block the gnoll's attack.
You feel sick. You block the gnoll's attack.
Things that are here:
a whip; a flail Your shield and chain mail prevent you from hitting the gnoll.
You bite the gnoll. You drain its power.
You feel invigorated.
The gnoll is lightly wounded.
You feel sick. The gnoll hits you but does no damage.
You are more poisoned.
You closely miss the gnoll.
The gnoll is lightly wounded.
You feel sick. You block the gnoll's attack.
You hit the gnoll. Your bite misses the gnoll.
The gnoll is moderately wounded.
You feel sick.
The gnoll hits you with a halberd of venom!!
Ouch! That really hurt!
You die...

##### ............( ..(..
............. ......
............... ......
#............## ......#
+............## .......
#.............#
.......####......##.....#
#..gg.##......##.....#
#...#@##......##.....#
#...#.##.....###.....#
#...#..........'.....#
################.....#
#........## #.#####.[..
#.### #.# #.#


You could see a gnoll and a hobgoblin.

Vanquished Creatures
  Terence (D:2)
  2 gnolls (D:2)
  2 adders (D:2)
  A dart slug (D:1)
  A leopard gecko (D:1)
  4 bats (D:1)
  2 giant cockroaches
  4 goblins
  2 hobgoblins (D:2)
  5 kobolds
  A ball python (D:1)
  3 frilled lizards
  5 rats (D:1)
33 creatures vanquished.

Notes
Turn   | Place    | Note
-------+----------+-------------------------------------------
     0 | D:1      | grindst0ne the Vine Stalker Fighter began the quest for the Orb.
     0 | D:1      | Reached XP level 1. HP: 11/11 MP: 2/2
   120 | D:1      | Reached XP level 2. HP: 15/16 MP: 3/3
   826 | D:2      | Reached XP level 3. HP: 19/20 MP: 4/4
   836 | D:2      | Noticed Terence
   871 | D:2      | Killed Terence
   871 | D:2      | Gained mutation: Your natural rate of healing is unusually fast. [Vine Stalker growth]
   871 | D:2      | Reached XP level 4. HP: 9/25 MP: 2/5
   986 | D:2      | Mangled by a gnoll

Vault maps used:
D:1:      sevenhm_arrival_forest_fort_large_4
D:2:      elyvilon_altar_4, uniq_terence

Skill      XL: |  1  2 |
---------------+-------+-----
Fighting       | 3 |  3.8
Shields        | 3 |  3.8
Short Blades   | |  1.7
Armour         | |  2.4

Action                   |  1- 3 |  4- 6 || total
-------------------------+-------+-------++-------
Melee: Rapier            |    91 |    21 ||   112
       Bite              |    17 |     9 ||    26
Armor: Scale mail        |    53 |       ||    53
       Chain mail        |       |     1 ||     1
Dodge: Dodged            |    23 |     6 ||    29
Block: Shield            |    46 |    14 ||    60

Table legend:
 A = Spawn XP
 B = Non-spawn XP
 C = Spawn XP percentage of total XP
 D = Spawn monster count
 E = Non-spawn monster count
 F = Spawn count percentage of total count
 G = Total turns spent on level
                    A         B        C        D         E        F      G
               +---------+---------+-------+---------+---------+-------+---------
         Total |       0 |     130 |   0.0 |       0 |      33 |   0.0 |   986
               +---------+---------+-------+---------+---------+-------+---------
           D:1 |       0 |      31 |   0.0 |       0 |      21 |   0.0 |   809
           D:2 |       0 |      99 |   0.0 |       0 |      12 |   0.0 |   177
               +---------+---------+-------+---------+---------+-------+---------
